 Dungeon Crawl Stone Soup version 0.24-a0-592-g9a1d66b0e3 (webtiles) character file.

Game seed: 2275995836097411528, levelgen mode: deterministic

111 Mithandil the Conjurer (level 4, 0/25 HPs)
             Began as a Tengu Conjurer on Sept 9, 2019.
             Slain by an orc wizard
             ... wielding a +0 dagger
              (3 damage)
             ... on level 3 of the Dungeon.
             The game lasted 00:14:08 (2397 turns).

Mithandil the Conjurer (Tengu Conjurer)             Turns: 2397, Time: 00:14:08

Health: 0/25       AC:  8    Str:  8    XL:     4   Next: 92%
Magic:  1/9        EV: 10    Int: 16    God:
Gold:   105        SH:  4    Dex: 15    Spells: 1/8 levels left

rFire    + . .     SeeInvis +   b - +2 trident (venom)
rCold    . . .     Gourm    .   h - +0 buckler
rNeg     . . .     Faith    .   e - +0 ring mail
rPois    .         Spirit   .   (helmet restricted)
rElec    .         Reflect  .   (no cloak)
rCorr    .         Harm     .   f - +0 pair of gloves
MR       .....                  (boots unavailable)
Stlth    ++........             j - amulet of the acrobat
HPRegen  0.08/turn              (no ring)
MPRegen  0.11/turn              (no ring)

@: no status effects
A: beak, talons 3, icy blue scales 1, see invisible, fire resistance 1
a: no special abilities


You were on level 3 of the Dungeon.
You were not hungry.

You visited 1 branch of the dungeon, and saw 4 of its levels.

You collected 105 gold pieces.

Inventory:

Hand Weapons
 a - a +1 spear of freezing
 b - a +2 trident of venom (weapon)
 m - a +0 hunting sling
 o - a +4 short sword of draining
Missiles
 d - 42 stones (quivered)
Armour
 e - a +0 ring mail (worn)
 f - a +0 pair of gloves (worn)
 h - a +0 buckler (worn)
Jewellery
 j - an amulet of the acrobat (around neck)
Wands
 k - a wand of iceblast (5)
Scrolls
 g - a scroll of remove curse {unknown}
 q - a scroll of noise {unknown}
 r - a scroll of blinking {unknown}
Potions
 i - a potion of agility
Comestibles
 c - 6 rations
 l - 3 chunks of flesh


   Skills:
 - Level 1.2 Fighting
 + Level 0.5 Polearms
 + Level 2.7 Dodging
 + Level 2.5 Stealth
 * Level 1.3 Shields
 + Level 2.7 Spellcasting
 * Level 6.1 Conjurations


You had one spell level left.
You knew the following spells:

 Your Spells              Type           Power        Failure   Level  Hunger
a - Magic Dart            Conj           ###.         7%          1    #......
b - Searing Ray           Conj           ###...       11%         2    ##.....
c - Force Lance           Conj/Tloc      ##......     94%         4    #####..

Your spell library contained the following spells:

 Spells                   Type           Power        Failure   Level  Hunger
 Iskenderun's Mystic Bla  Conj           ###.....     56%         4    #####..
 Dazzling Spray           Conj/Hex       ##....       58%         3    ###....
 Fulminant Prism          Conj/Hex       ##........   94%         4    #####..


Dungeon Overview and Level Annotations

Branches:
Dungeon (4/15)
 Temple: D:4-7

Altars:
Cheibriados
Kikubaaqudgha
Okawaru


Innate Abilities, Weirdness & Mutations

You have a beak for a mouth.
You have claws for feet.
You are partially covered in icy blue scales. (AC +2)
You have supernaturally acute eyesight. (SInv)
Your flesh is heat resistant. (rF+)


Message History

You claw the orc priest, but do no damage.
The orc wizard hits you but does no damage.
The orc wizard points at you and mumbles some strange words.
The magic dart hits you.
* * * LOW HITPOINT WARNING * * *
The orc priest closely misses you.
Attack whom?
Press: ? - help, Dir - move target cursor, f/p - orc priest
Aim: an orc priest, wielding a +0 flail and wearing a +0 scale mail You hit the orc priest but do no damage.
The orc priest is poisoned.
The orc wizard hits you but does no damage.
The orc wizard closely misses you. The orc priest closely misses you.
Attack whom?
Press: ? - help, Dir - move target cursor, f - orc wizard, p - orc priest
Aim: an orc wizard, wielding a +0 dagger and wearing a +0 robe (almost dead, fast)
Your shield prevents you from hitting the orc wizard.
The orc wizard is almost dead.
The orc wizard hits you with a +0 dagger.
You die...

.......
..#...).#.
........
.......
#.....#
#..##.#
#oo.#.#
#@....#
#.....#
###.#.#
#.#.# #.#.#
##.#.#.#
##....#.#
##.....#.#
#........###


You could see an orc priest and an orc wizard.

Vanquished Creatures
  5 adders
  A worm (D:2)
  A dart slug (D:1)
  2 leopard geckos (D:2)
  6 orcs (D:3)
  A giant cockroach (D:2)
  7 goblins
  5 hobgoblins
  3 jackals (D:1)
  8 kobolds
  4 bats
  3 frilled lizards
  7 rats
53 creatures vanquished.

Notes
Turn   | Place    | Note
-------+----------+-------------------------------------------
     0 | D:1      | Mithandil the Tengu Conjurer began the quest for the Orb.
     0 | D:1      | Reached XP level 1. HP: 10/10 MP: 4/4
    94 | D:1      | Reached XP level 2. HP: 11/15 MP: 0/6
    98 | D:1      | Learned a level 2 spell: Searing Ray
   367 | D:2      | Reached XP level 3. HP: 20/20 MP: 5/7
   427 | D:3      | Reached skill level 1 in Fighting
   531 | D:1      | Found a snail-covered altar of Cheibriados.
  1472 | D:2      | Reached XP level 4. HP: 25/25 MP: 2/8
  1478 | D:2      | Learned a level 4 spell: Force Lance
  1630 | D:2      | Reached skill level 1 in Shields
  2079 | D:3      | Found an iron altar of Okawaru.
  2156 | D:3      | Gained mutation: Armour fits poorly on your strangely
                  | shaped body. [potion of mutation]
  2156 | D:3      | Gained mutation: You have a pair of small horns on your
                  | head. [potion of mutation]
  2156 | D:3      | Gained mutation: You have supernaturally acute eyesight.
                  | (SInv) [potion of mutation]
  2157 | D:3      | Lost mutation: Armour fits poorly on your strangely shaped
                  | body. [potion of mutation]
  2157 | D:3      | Lost mutation: You have a pair of small horns on your head.
                  | [potion of mutation]
  2157 | D:3      | Gained mutation: Your flesh is heat resistant. (rF+)
                  | [potion of mutation]
  2157 | D:3      | Gained mutation: You are partially covered in icy blue
                  | scales. (AC +2) [potion of mutation]
  2159 | D:4      | Found an ancient bone altar of Kikubaaqudgha.
  2255 | D:3      | Reached skill level 6 in Conjurations
  2397 | D:3      | Slain by an orc wizard

Levels and vault maps discovered:
D:1:      dpeg_arrival_fog, layout_loops_ring, serial_glass, glass_columns_a,
          glass_columns_c, glass_columns_a, glass_columns_b, glass_columns_a,
          glass_columns_a, due_unseen_surprise, minmay_strange_pillars,
          chequers_avenue, cheibriados_altar_1
D:2:      layout_loops_cross, minivault_4
D:3:      layout_loops_ring, okawaru_ov_weapons_minmay, minmay_quantized,
          uniq_terence
D:4:      cheibrodos_old_hovel, layout_basic, grunt_temple_overflow_diamond,
          overflow_temple_1_default, first_ration, minmay_misc_feat_diagonals,
          dk_vineyard_1, uniq_menkaure

Skill      XL: |  1  2  3  4 |
---------------+-------------+-----
Fighting       | 1 |  1.2
Shields        | 1 |  1.3
Conjurations   | 6 |  6.1
Polearms       | |  0.5
Dodging        | |  2.7
Stealth        | |  2.5
Spellcasting   | |  2.7

Action                   |  1- 3 |  4- 6 || total
-------------------------+-------+-------++-------
Melee: Unarmed           |     4 |       ||     4
       Peck              |     2 |     2 ||     4
       Kick              |     1 |     1 ||     2
       Dagger            |     6 |       ||     6
       Short sword       |     3 |       ||     3
       Trident           |       |    14 ||    14
 Cast: Magic Dart        |    49 |    29 ||    78
       Searing Ray       |     2 |     1 ||     3
  Use: Scroll            |     2 |     2 ||     4
       Potion            |     1 |     6 ||     7
  Eat: Chunk             |     2 |     3 ||     5
Armor: Robe              |     3 |       ||     3
       Ring mail         |     4 |     5 ||     9
Dodge: Dodged            |    10 |     6 ||    16
Block: Buckler           |     1 |     2 ||     3

Table legend:
 A = Non-vault XP
 B = Vault XP
 C = Vault XP percentage of total XP
 D = Non-vault monster count
 E = Vault monster count
 F = Vault count percentage of total count
                 A         B        C        D         E       F
            +---------+---------+-------+---------+---------+-------
      Total |     159 |       0 |   0.0 |      53 |       0 |   0.0
            +---------+---------+-------+---------+---------+-------
        D:1 |      33 |       0 |   0.0 |      20 |       0 |   0.0
        D:2 |      73 |       0 |   0.0 |      20 |       0 |   0.0
        D:3 |      53 |       0 |   0.0 |      13 |       0 |   0.0
            +---------+---------+-------+---------+---------+-------
